 Dungeon Sprint DCSS version 0.26-a0-1086-g9010512d90 (webtiles) character file.

Game seed: 5687382016266544335

161 sahdkjhfkaj the Martial Artist (level 5, -1/33 HPs)
             Began as an Octopode Transmuter on Dec 14, 2020.
             Slain by a shadow (21 damage)
             ... in the Dungeon (Sprint III: "The Ten Rune Challenge").
             The game lasted 00:01:07 (587 turns).

sahdkjhfkaj the Martial Artist (Octopode Transmuter) Turns: 587, Time: 00:01:07

Health: -1/33      AC:  1    Str: 10    XL:     5   Next: 42%
Magic:  3/8        EV: 13    Int: 15    God:
Gold:   24         SH:  0    Dex: 13    Spells: 2/8 levels left

rFire    . . .     SeeInvis .     - Unarmed
rCold    . . .     Faith    .   (shield currently unavailable)
rNeg     . . .     Spirit   .   (helmet restricted)
rPois    .         Reflect  .   (no amulet)
rElec    .         Harm     .   (no ring)
rCorr    .         Rampage  .   (no ring)
Will     .....     NoTele   +   (no ring)
Stlth    ++........             (no ring)
HPRegen  0.11/turn              (no ring)
MPRegen  0.11/turn              (no ring)
                                (no ring)
                                (no ring)

@: blade tentacles (expiring)
A: almost no armour, stealthy swim, amphibious, 8 rings, constrict 8, camouflage
1, gelatinous body 1
a: End Transformation


You were in the Dungeon.
You had blades for tentacles.
You visited 1 branch You collected 24 gold pieces.

Inventory:

Scrolls
 a - a scroll of random uselessness {unknown}
 f - 3 scrolls of immolation {unknown}
 g - a scroll of blinking
 h - 2 scrolls of identify {unknown}
 j - 3 scrolls of remove curse {@r2}
Potions
 b - 2 potions of curing {@q1}
 c - 3 potions of heal wounds {@q2}
 e - 2 potions of magic
 i - a potion of degeneration {unknown}
 k - a potion of flight {unknown}
 l - 4 potions of mutation {!q}


   Skills:
 - Level 1.0 Fighting
 - Level 2.0 Dodging
 - Level 8.3 Unarmed Combat
 - Level 2.0 Spellcasting
 + Level 7.5 Transmutations


You had 2 spell levels left.
You knew the following spells:

 Your Spells              Type           Power        Failure   Level
a - Beastly Appendage     Tmut           ###...       16%         1
A - Blade Hands           Tmut           ###.......   71%         5

Your spell library contained the following spells:

 Spells                   Type           Power        Failure   Level
 Wereblood                Tmut           ###.....     19%         2
 Spider Form              Tmut/Pois      ##........   54%         3
 Ice Form                 Ice/Tmut       ##......     83%         4


Dungeon Overview and Level Annotations

Branches:
Dungeon (1/1)

Altars:


Innate Abilities, Weirdness & Mutations

You cannot wear most types of armour.
You are very stealthy in the water. (Stealth+)
You are amphibious.
You can wear up to eight rings at the same time.
You can use your tentacles to constrict eight enemies at once.
Your skin changes colour to match your surroundings (Stealth+).
Your rubbery body absorbs attacks. (AC +1, EV +1)


Message History

You destroy the water elemental!
Your Transmutations skill gained 2 levels and is now at level 7!
You have reached level 5!
You feel agile.
This spell is potentially lethal to cast!
Memorise Blade Hands, consuming 5 spell levels and leaving 2?
You start memorising the spell.
You continue memorising. x5
You finish memorising.
Spell assigned to 'b'.
Adjust (i)tems, (s)pells, or (a)bilities?
Adjust which spell? b - Blade Hands Adjust to which letter?
A - Blade Hands You start resting.
You start resting.
Your extra speed is starting to run out.
You feel yourself slow down.
There is a fountain of clear blue water here.
You start resting.
You start waiting.
Done waiting.
The spell is potentially lethal to cast (28% risk of failure)!
Continue anyway?
You miscast Blade Hands.
You are very lightly contaminated with residual magic.
You feel very strange.
You start resting.
Your magical contamination has completely faded away.
You start resting.
The spell is potentially lethal to cast (28% risk of failure)!
Continue anyway?
Your tentacles turn into razor-sharp scythe blades.
You open the door.
A jelly comes into view.
A shadow comes into view.
There is an open door here.
You hit the shadow but do no damage. The shadow closely misses you.
You hit the shadow but do no damage.
You squeeze the shadow, but do no damage.
The shadow barely misses you.
You hit the shadow but do no damage.
Your transformation is almost over.
You slash the shadow! Your slash misses the shadow. The shadow hits you!
Unknown command.
You slash the shadow!
The shadow slips into darkness.
The shadow flickers and vanishes!
Deactivating autopickup; reactivate with Ctrl-A.
Unknown command.
The shadow strikes at you from the darkness!
Ouch! That really hurt!
You die...

▓▓▓ ##.# ####..#
#..#..#
#..#..###+#+###+##
##'#..#..........#
###...'.⌠........#
###...#...######'#
##....#.⌠.# #.{@#
#.....#...# #...#
......#+### #...#
#.....# #...+
##....# +..J#
▓▓▓▓▓▓ ▓▓▓▓▓


You could see a jelly (asleep).

Vanquished Creatures
  A water elemental (D)
  A scorpion (D)
  Jessica (D)
  A human (D)
  2 oozes (D)
  A rat (D)
7 creatures vanquished.

Notes
Turn   | Place    | Note
-------+----------+-------------------------------------------
     0 | D        | sahdkjhfkaj the Octopode Transmuter began the quest for the
                  | Orb.
     0 | D        | Reached XP level 1. HP: 13/13 MP: 3/3
    10 | D        | Reached skill level 4 in Unarmed Combat
    79 | D        | Reached skill level 5 in Unarmed Combat
    79 | D        | Reached XP level 2. HP: 18/18 MP: 5/5
   108 | D        | Noticed Jessica
   114 | D        | Killed Jessica
   115 | D        | Reached skill level 7 in Unarmed Combat
   115 | D        | Reached XP level 3. HP: 19/23 MP: 6/6
   170 | D        | Noticed a scorpion
   182 | D        | Killed a scorpion
   183 | D        | Reached skill level 8 in Unarmed Combat
   183 | D        | Reached XP level 4. HP: 28/28 MP: 7/7
   189 | D        | Reached skill level 5 in Transmutations
   334 | D        | Noticed a water elemental
   340 | D        | Killed a water elemental
   341 | D        | Reached XP level 5. HP: 25/33 MP: 8/8
   347 | D        | Learned a level 5 spell: Blade Hands
   581 | D        | Noticed a shadow
   587 | D        | Slain by a shadow

Illustrated notes

Levels and vault maps discovered:
D:        dungeon_sprint_mu [sprint_mu_entry_cave, sprint_mu_temple_rooms,
          sprint_mu_d1_spiders, sprint_mu_d2_genie, sprint_mu_d3_branching,
          sprint_mu_orc_legion, sprint_mu_elf_gauntlet, sprint_mu_hive_nellie,
          sprint_mu_lair_fedhas, sprint_mu_vaults_butterflies,
          sprint_mu_slime_circle, sprint_mu_swamp_cave, sprint_mu_shoals_archi,
          sprint_mu_blade_basic, sprint_mu_crypt_lich, sprint_mu_tomb_spiral,
          sprint_mu_vestibule_basic, sprint_mu_gehenna_hellfire,
          sprint_mu_dis_giant, sprint_mu_tartarus_statrot,
          sprint_mu_cocytus_islands, sprint_mu_zot1]

Skill      XL: |  1  2  3  4 |
---------------+-------------+-----
Unarmed Combat | 5 7 8 |  8.3
Transmutations | 3 7 |  7.5
Fighting       | |  1.0
Dodging        | |  2.0
Spellcasting   | |  2.0

Action                   |  1- 3 |  4- 6 || total
-------------------------+-------+-------++-------
Melee: Unarmed           |    12 |    15 ||    27
       Tentacles         |     1 |     3 ||     4
       Constrict         |     2 |     1 ||     3
       Punch             |     1 |       ||     1
 Cast: Blade Hands       |       |     1 ||     1
  Use: Potion            |     1 |     1 ||     2
 Stab: Sleeping          |     2 |       ||     2
Dodge: Dodged            |     4 |     5 ||     9

Table legend: (Time is in decaauts)
 A = Elapsed time spent in this place.
 B = Non-inter-level travel time spent in this place.
 C = Inter-level travel time spent in this place.
 D = Time resting spent in this place.
 E = Time spent auto-exploring this place.
 F = Levels seen in this place.
 G = Mean time per level.
                   A        B        C        D        E       F      G
               +--------+--------+--------+--------+--------+-----+--------+
         Total |    573 |    573 |      0 |    403 |     78 |   1 |  573.0 |
       Dungeon |    573 |    573 |      0 |    403 |     78 |   1 |  573.0 |
               +--------+--------+--------+--------+--------+-----+--------+

Top non-repeatable levels by time:
       D: 573 daAuts
